AoeStats
← Runxi24

Arena

507924792Analyzed
3v3 RM · 11d ago on Sep 20, 2026· 31m 46s· 6 players
Game mode
Random Map
Map size
Normal (6 player)
Population
200
Speed
Normal
Resources
Standard
Victory
Conquest
Starting age
Dark Age
Ending age
Imperial Age
RankedLock teamsTeams togetherTeam positionsShared explorationLock speedFull tech treeHidden civsTurbo modeCheats
Victory
Defeat
🇸🇬 Slavs · Singapore
1259
+15
🇩🇪 Romans · Germany
1239
+16
🇹🇼 Spanish · Taiwan
1227
+16
🇪🇸 Italians · Spain
1247
-16
🇬🇧 Wu · United Kingdom
1236
-16
🇪🇸 Bohemians · Spain
1227
-15
McLagan
10:26 Feudal Age
14:54 Castle Age
13:09 Loom
13:50 Double-Bit Axe
13:58 Stone Mining
16:21 Bow Saw
20:02 Fletching
22:16 Padded Archer Armor
22:14 Bodkin Arrow
23:27 Padded Archer Armor
Romans
10:56 Feudal Age
15:02 Castle Age
13:05 Loom
13:13 Double-Bit Axe
13:58 Horse Collar
23:04 Bow Saw
30:50 Ballistics
Runxi24
10:46 Feudal Age
14:46 Castle Age
13:11 Double-Bit Axe
16:23 Bow Saw
17:00 Horse Collar
19:13 Fervor
22:49 Wheelbarrow
22:40 Squires
23:58 Scale Mail Armor
24:28 Pikeman
26:03 Hand Cart
25:34 Loom
26:13 Atonement
30:45 Imperial Age
29:18 Chemistry
29:14 Sanctity
29:05 Redemption
Carter Mc
10:21 Feudal Age
12:08 Double-Bit Axe
15:14 Castle Age
15:10 Horse Collar
19:51 Stone Mining
22:38 Scale Barding Armor
23:34 Bloodlines
27:31 Chain Barding Armor
27:22 Forging
27:29 Loom
29:05 Husbandry
Miffybaba
10:37 Feudal Age
15:46 Castle Age
15:20 Loom
15:51 Stone Mining
18:24 Double-Bit Axe
18:29 Gold Mining
18:31 Fletching
24:43 Horse Collar
27:08 Bodkin Arrow
28:40 Padded Archer Armor
30:56 Wheelbarrow
31:09 Bow Saw
and0ng
0:28 Loom
11:00 Feudal Age
16:09 Castle Age
15:55 Forging
16:26 Bloodlines
17:16 Horse Collar
17:29 Double-Bit Axe
18:38 Light Cavalry
19:47 Gold Mining
20:56 Wheelbarrow
21:57 Husbandry
23:33 Scale Barding Armor
24:49 Iron Casting
26:44 Redemption
27:18 Hand Cart
28:15 Chain Barding Armor
31:45 Loom
Connection lost

Rejoining the realm…

Still unreachable

The connection could not be restored.

Session expired

The server has moved on; the page needs a fresh start.